 Dungeon Crawl Stone Soup version 0.25-a0-1133-g93ebf739aa (webtiles) character file.

Game seed: 8862260093721583073, levelgen mode: deterministic

12838 gruber the Frost Mage (level 11, -4/83 HPs)
             Began as a Gnoll Ice Elementalist on May 22, 2020.
             Was a Priest of Okawaru.
             Shot with a bolt by a yaktaur (8 damage)
             ... on level 15 of the Dungeon.
             The game lasted 00:19:46 (14571 turns).

gruber the Frost Mage (Gnoll Ice Elementalist)     Turns: 14571, Time: 00:19:47

Health: -4/83      AC:  7    Str: 10    XL:     11   Next: 99%
Magic:  0/23       EV: 21    Int: 22    God:    Okawaru [***...]
Gold:   589        SH:  0    Dex: 15    Spells: 11/26 levels left

rFire    . . .     SeeInvis .   S - +1 war axe (elec)
rCold    + . .     Gourm    .   (no shield)
rNeg     . . .     Faith    .   V - +0 leather armour {rC+}
rPois    .         Spirit   +   N - +1 hat {MR+}
rElec    .         Reflect  .   (no cloak)
rCorr    .         Harm     .   i - +0 pair of gloves
MR       ++...                  u - +0 pair of boots
Stlth    ++++......             E - amulet of guardian spirit
HPRegen  0.23/turn              F - ring of protection from magic
MPRegen  0.18/turn              P - +4 ring of evasion

@: no status effects
A: distributed training, fangs 1, strong nose
a: Heroism, Renounce Religion


You were on level 15 of the Dungeon.
You worshipped Okawaru.
Okawaru was most pleased with you.
You were not hungry.

You visited 2 branches of the dungeon, and saw 14 of its levels.

You collected 589 gold pieces.

Inventory:

Hand Weapons
 q - a +1 vorpal war axe
 S - a +1 war axe of electrocution (weapon)
 W - a +1 dagger of electrocution
Missiles
 w - 13 atropa-tipped darts (quivered)
 y - a javelin
Armour
 i - a +0 pair of gloves (worn)
 u - a +0 pair of boots (worn)
 B - a +2 robe of magic resistance
 H - a +0 troll leather armour
 N - a +1 hat of magic resistance (worn)
 V - a +0 leather armour of cold resistance (worn)
Jewellery
 h - an uncursed amulet of the acrobat
 E - an amulet of guardian spirit (around neck)
 F - a ring of protection from magic (left hand)
 P - a +4 ring of evasion (right hand)
 Q - an uncursed amulet of magic regeneration
Wands
 b - a wand of disintegration (14)
 L - a wand of iceblast (5)
 M - a wand of flame (21)
 T - a wand of random effects (15)
Scrolls
 d - 5 scrolls of teleportation
 e - 3 scrolls of fog {unknown}
 g - 6 scrolls of identify
 j - a scroll of random uselessness {unknown}
 m - a scroll of blinking {unknown}
 o - 2 scrolls of fear {unknown}
 p - a scroll of enchant weapon {unknown}
 s - 2 scrolls of immolation {unknown}
 t - 4 scrolls of remove curse
 x - a scroll of magic mapping {unknown}
 A - a scroll of enchant armour {unknown}
 G - a scroll of amnesia {unknown}
 J - a scroll of holy word {unknown}
 K - a scroll of acquirement {unknown}
 R - a scroll of vulnerability {unknown}
Potions
 a - 2 potions of degeneration {unknown}
 f - 6 potions of curing
 l - 3 potions of lignification {unknown}
 n - 2 potions of ambrosia {unknown}
 r - 2 potions of heal wounds {unknown}
 v - 2 potions of mutation {unknown}
 z - 2 potions of stabbing {unknown}
 C - a potion of resistance {unknown}
 D - a potion of experience {unknown}
 I - a potion of might {unknown}
 O - a potion of magic {unknown}
Comestibles
 c - 22 rations
 U - 11 chunks of flesh


   Skills:
 + Level 6.7 Fighting
 + Level 6.7 Short Blades
 + Level 6.7 Long Blades
 + Level 6.7 Axes
 + Level 6.7 Maces & Flails
 + Level 6.7 Polearms
 + Level 6.7 Staves
 + Level 6.7 Slings
 + Level 6.7 Bows
 + Level 6.7 Crossbows
 + Level 6.7 Throwing
 + Level 6.7 Armour
 + Level 8.2 Dodging
 + Level 8.0 Stealth
 + Level 6.7 Shields
 + Level 6.7 Unarmed Combat
 + Level 8.4 Spellcasting
 + Level 5.5 Conjurations
 + Level 5.5 Hexes
 + Level 5.5 Charms
 + Level 5.5 Summonings
 + Level 5.5 Necromancy
 + Level 5.5 Translocations
 + Level 5.5 Transmutations
 + Level 5.5 Fire Magic
 + Level 9.1 Ice Magic
 + Level 5.5 Air Magic
 + Level 5.5 Earth Magic
 + Level 5.5 Poison Magic
 + Level 7.3 Invocations
 + Level 6.7 Evocations


You had 11 spell levels left.
You knew the following spells:

 Your Spells              Type           Power        Failure   Level  Hunger
a - Freeze                Ice            ####         1%          1    None
b - Frozen Ramparts       Ice            #####.       1%          3    None
c - Ozocubu's Armour      Chrm/Ice       #####...     1%          3    None
d - Hailstorm             Conj/Ice       #####...     4%          4    ###....
e - Summon Ice Beast      Ice/Summ       #####...     4%          4    ###....

Your spell library contained the following spells:

 Spells                   Type           Power        Failure   Level  Hunger
 Corona                   Hex            ####...      1%          1    None
 Ensorcelled Hibernation  Hex/Ice        #####.       1%          2    None
 Confusing Touch          Hex            ####....     2%          3    None
 Dazzling Flash           Conj/Hex       ####..       2%          3    None
 Tukima's Dance           Hex            ####....     2%          3    None


Dungeon Overview and Level Annotations

Branches:
Dungeon (12/15)            Temple (1/1) D:7            Lair (0/6) D:9
    Orc (0/2) D:12         Depths (0/5) D:15

Altars:
Ashenzari
Cheibriados
Dithmenos
Elyvilon
Fedhas
Gozag
Hepliaklqana
Kikubaaqudgha
Makhleb
Nemelex Xobeh
Okawaru
Qazlal
Ru
Sif Muna
Trog
Uskayaw
Vehumet
Wu Jian
Xom
Yredelemnul
Zin
The Shining One
Beogh

Annotations:
D:9 2 transporters, Plog's ghost, novice DsFi


Innate Abilities, Weirdness & Mutations

Your experience applies equally to all skills.
You have very sharp teeth.
Your uncanny sense of smell can sniff out nearby items.


Message History

Something hits you but does no damage.
The crimson imp blinks!
A slime creature comes into view.
Something hits you.
* * * LOW HITPOINT WARNING * * *
Found a coppery potion.
Something hits you.
* * * LOW HITPOINT WARNING * * *
You hear the faint crackling of a melting archway nearby.
Something hits you!
* * * LOW HITPOINT WARNING * * *
Something closely misses you.
A gargoyle comes into view.
It is wielding a +2 flail of holy wrath.
Something closely misses you. The crimson imp barely misses you.
Something hits you!
* * * LOW HITPOINT WARNING * * *
The crimson imp shouts, "Take thy face hence, thou qualling toenail-biting nobody!"
Something hits you but does no damage.
The yaktaur shoots a bolt.
The bolt hits you!
You die...

#. #.## #... #...
##... ###....##
.!......##
.......@.#
$......J5##
......{...#
.......OJ##
#.........#
#........Y# # ..
#.........+.##.4.
..c.......#......
..........'.#


You could see 2 slime creatures, a two-headed ogre, a yaktaur, a yak and a
crimson imp.

Vanquished Creatures
  Erolcha (D:9)
  4 ugly things (D:11)
  A freezing wraith (D:10)
  2 trolls
  2 hippogriffs
  Sigmund (D:2)
  5 wyverns
  A shadow (D:11)
  3 hogs (D:8)
  A human (D:8)
  16 yaks
  A steam dragon (D:9)
  3 orc warriors
  A sky beast (D:10)
  2 black bears
  An eye of draining (D:10)
  2 necrophages
  7 ogres
  4 centaurs
  4 crocodiles (D:9)
  2 big kobolds (D:10)
  A gnoll sergeant (D:9)
  4 bullfrogs
  A wyvern skeleton (D:8)
  A scorpion (D:8)
  A howler monkey (D:5)
  2 bullfrog zombies
  A centaur zombie (D:10)
  5 crimson imps
  7 hounds
  4 orc priests
  A bullfrog skeleton (D:11)
  2 centaur skeletons
  4 jellies
  11 orc wizards
  Jessica (D:2)
  2 iguanas
  7 worker ants
  A killer bee zombie (D:5)
  A hound skeleton (D:5)
  2 worker ant zombies
  Robin (D:2)
  7 gnolls (D:9)
  9 adders
  A shadow imp (D:10)
  2 oozes
  2 adder skeletons (D:8)
  2 worms (D:3)
  6 dart slugs
  4 leopard geckos
  54 orcs
  6 giant cockroaches
  8 hobgoblins
  13 jackals
  16 kobolds
  6 quokkas
  2 ball pythons
  10 bats
  4 frilled lizards
  15 goblins
  A leopard gecko zombie (D:5)
  5 rats
297 creatures vanquished.

Vanquished Creatures (collateral kills)
  Gastronok (D:9)
  A steam dragon (D:11)
  2 hungry ghosts
  A worker ant (D:8)
  An orc (D:11)
6 creatures vanquished.

Grand Total: 303 creatures vanquished

Notes
Turn   | Place    | Note
-------+----------+-------------------------------------------
     0 | D:1      | gruber the Gnoll Ice Elementalist began the quest for the
                  | Orb.
     0 | D:1      | Reached XP level 1. HP: 13/13 MP: 6/6
   694 | D:1      | Reached XP level 2. HP: 15/19 MP: 3/7
  1367 | D:2      | Noticed Jessica
  1370 | D:2      | Killed Jessica
  1370 | D:2      | Reached skill level 5 in Spellcasting
  1370 | D:2      | Reached skill level 1 in Invocations
  1370 | D:2      | Reached XP level 3. HP: 21/25 MP: 6/9
  1375 | D:2      | Learned a level 3 spell: Frozen Ramparts
  1379 | D:2      | Learned a level 3 spell: Ozocubu's Armour
  1424 | D:2      | Noticed Robin
  1431 | D:2      | Reached skill level 1 in Fighting
  1431 | D:2      | Reached skill level 1 in Short Blades
  1431 | D:2      | Reached skill level 1 in Long Blades
  1431 | D:2      | Reached skill level 1 in Axes
  1431 | D:2      | Reached skill level 1 in Maces & Flails
  1431 | D:2      | Reached skill level 1 in Polearms
  1431 | D:2      | Reached skill level 1 in Staves
  1431 | D:2      | Reached skill level 1 in Slings
  1431 | D:2      | Reached skill level 1 in Bows
  1431 | D:2      | Reached skill level 1 in Crossbows
  1431 | D:2      | Reached skill level 1 in Throwing
  1431 | D:2      | Reached skill level 1 in Armour
  1431 | D:2      | Reached skill level 1 in Shields
  1431 | D:2      | Reached skill level 1 in Unarmed Combat
  1431 | D:2      | Reached skill level 1 in Evocations
  1435 | D:2      | Killed Robin
  1435 | D:2      | Reached XP level 4. HP: 30/32 MP: 2/11
  2022 | D:2      | Reached skill level 1 in Conjurations
  2022 | D:2      | Reached skill level 1 in Hexes
  2022 | D:2      | Reached skill level 1 in Charms
  2022 | D:2      | Reached skill level 1 in Summonings
  2022 | D:2      | Reached skill level 1 in Necromancy
  2022 | D:2      | Reached skill level 1 in Translocations
  2022 | D:2      | Reached skill level 1 in Transmutations
  2022 | D:2      | Reached skill level 1 in Fire Magic
  2022 | D:2      | Reached skill level 1 in Air Magic
  2022 | D:2      | Reached skill level 1 in Earth Magic
  2022 | D:2      | Reached skill level 1 in Poison Magic
  2215 | D:2      | Noticed Sigmund
  2226 | D:2      | Killed Sigmund
  2226 | D:2      | Reached XP level 5. HP: 26/38 MP: 6/12
  2226 | D:2      | Reached XP level 6. HP: 30/44 MP: 6/13
  2479 | D:3      | Reached skill level 5 in Dodging
  2907 | D:3      | You fall into a shaft and drop 2 floors!
  2907 | D:5      | Entered Level 5 of the Dungeon
  2912 | D:5      | Found a blossoming altar of Fedhas.
  3156 | D:5      | Reached XP level 7. HP: 46/50 MP: 15/15
  3614 | D:5      | Learned a level 4 spell: Hailstorm
  3619 | D:5      | Learned a level 4 spell: Summon Ice Beast
  4456 | D:3      | Reached skill level 5 in Stealth
  4611 | D:3      | Noticed a +0 hand axe
  4611 | D:3      | Noticed a +0 dagger
  4641 | D:3      | Found a hide-covered altar of Uskayaw.
  4750 | D:3      | Found a burning altar of Makhleb.
  5243 | D:4      | Reached XP level 8. HP: 57/57 MP: 13/16
  5533 | D:4      | Found a glowing silver altar of Zin.
  7155 | D:7      | Noticed a troll
  7162 | D:7      | Killed a troll
  7330 | D:7      | Found a staircase to the Ecumenical Temple.
  7362 | D:7      | Reached XP level 9. HP: 65/65 MP: 14/18
  7951 | Temple   | Entered the Ecumenical Temple
  8281 | D:8      | Reached skill level 8 in Ice Magic
  8734 | D:8      | Reached skill level 5 in Invocations
  9103 | D:8      | Reached XP level 10. HP: 70/73 MP: 13/20
  9328 | D:9      | Noticed Gastronok
  9420 | D:9      | Reached skill level 5 in Fighting
  9420 | D:9      | Reached skill level 5 in Short Blades
  9420 | D:9      | Reached skill level 5 in Long Blades
  9420 | D:9      | Reached skill level 5 in Axes
  9420 | D:9      | Reached skill level 5 in Maces & Flails
  9420 | D:9      | Reached skill level 5 in Polearms
  9420 | D:9      | Reached skill level 5 in Staves
  9420 | D:9      | Reached skill level 5 in Slings
  9420 | D:9      | Reached skill level 5 in Bows
  9420 | D:9      | Reached skill level 5 in Crossbows
  9420 | D:9      | Reached skill level 5 in Throwing
  9420 | D:9      | Reached skill level 5 in Armour
  9420 | D:9      | Reached skill level 5 in Shields
  9420 | D:9      | Reached skill level 5 in Unarmed Combat
  9420 | D:9      | Reached skill level 5 in Evocations
  9809 | D:9      | Noticed Plog's ghost (novice DsFi)
  9833 | D:9      | Killed Gastronok
 10107 | D:9      | Found a transporter.
 10111 | D:9      | Found a transporter.
 10257 | D:9      | Noticed Erolcha
 10270 | D:9      | Killed Erolcha
 10396 | D:9      | Reached XP level 11. HP: 19/81 MP: 2/22
 11001 | D:9      | Found a staircase to the Lair.
 11193 | D:9      | Found a sacrificial altar of Ru.
 11193 | D:9      | Found an iron altar of Okawaru.
 11198 | D:9      | Became a worshipper of Warmaster Okawaru
 11220 | D:10     | Entered Level 10 of the Dungeon
 11526 | D:10     | Reached * piety under Okawaru
 11526 | D:10     | Reached skill level 5 in Conjurations
 11526 | D:10     | Reached skill level 5 in Hexes
 11526 | D:10     | Reached skill level 5 in Charms
 11526 | D:10     | Reached skill level 5 in Summonings
 11526 | D:10     | Reached skill level 5 in Necromancy
 11526 | D:10     | Reached skill level 5 in Translocations
 11526 | D:10     | Reached skill level 5 in Transmutations
 11526 | D:10     | Reached skill level 5 in Fire Magic
 11526 | D:10     | Reached skill level 5 in Air Magic
 11526 | D:10     | Reached skill level 5 in Earth Magic
 11526 | D:10     | Reached skill level 5 in Poison Magic
 11558 | D:10     | Reached ** piety under Okawaru
 12714 | D:11     | Reached skill level 9 in Ice Magic
 12752 | D:11     | Noticed a green ugly thing
 12752 | D:11     | Noticed a brown ugly thing
 12775 | D:11     | Killed a purple ugly thing
 12778 | D:11     | Killed a brown ugly thing
 12814 | D:11     | Noticed a cyan ugly thing
 13234 | D:11     | Reached *** piety under Okawaru
 13618 | D:11     | Killed a cyan ugly thing
 13916 | D:11     | Noticed a purple ugly thing
 13943 | D:11     | Killed a purple ugly thing
 14433 | D:12     | Found a staircase to the Orcish Mines.
 14449 | D:12     | Found a roughly hewn altar of Beogh.
 14516 | D:12     | You fall into a shaft and drop 3 floors!
 14516 | D:15     | Entered Level 15 of the Dungeon
 14528 | D:15     | Found a staircase to the Depths.
 14529 | D:15     | Noticed a necromancer
 14529 | D:15     | Noticed a phantasmal warrior
 14541 | D:15     | Noticed a two-headed ogre
 14541 | D:15     | Noticed a two-headed ogre
 14541 | D:15     | Noticed an ogre mage
 14570 | D:15     | HP: 4/83 [something (6)]
 14571 | D:15     | Shot with a bolt by a yaktaur

Illustrated notes

Levels and vault maps discovered:
D:1:      lightli_arrival_maybe_door_vault, layout_loops_corners
D:2:      layout_loops_cross, first_ration, uniq_sigmund, uniq_robin,
          uniq_jessica
D:3:      layout_basic, dancing_weapons_uskayaw, makhleb_blood_cavern_becter
D:4:      layout_layer_cave, nicolae_overflow_crystal_walls
D:5:      layout_gridville, old_standard_altar
D:6:      layout_cave_pools
D:7:      minmay_cornered_nines, layout_loops_cross, minmay_temple_entry_ruins
D:8:      layout_basic, grunt_livestock
D:9:      layout_irregular_city, gammafunk_temple_overflow_elements,
          erik_lair_dragon, gammafunk_ghost_hive, uniq_gastronok, uniq_erolcha
D:10:     layout_loops_ring
D:11:     layout_loops_cross, minmay_splitting_lines, hangedman_corner_corridor
D:12:     layout_gridville, minmay_orc_entry_temple_small,
          gammafunk_ghost_necromancy, minivault_1, minmay_diced_spiral,
          uniq_azrael
D:15:     gammafunk_depths_entry_grave, layout_layer_cave, serial_ice,
          serial_ice_g, serial_ice_n, serial_ice_o, serial_ice_b,
          portal_ice_cave_demonic_guard, nicolae_lava_and_water,
          kennysheep_treasure_room
Temple:   compressed_dpeg_circular_temple

Skill      XL: |  1  2  3  4  5  6  7  8  9 10 11 |
---------------+----------------------------------+-----
Spellcasting   | 5 6 7 8 |  8.4
Invocations    | 1 2 3 4 5 6 7 |  7.3
Fighting       | 1 2 3 4 5 6 |  6.7
Short Blades   | 1 2 3 4 5 6 |  6.7
Long Blades    | 1 2 3 4 5 6 |  6.7
Axes           | 1 2 3 4 5 6 |  6.7
Maces & Flails | 1 2 3 4 5 6 |  6.7
Polearms       | 1 2 3 4 5 6 |  6.7
Staves         | 1 2 3 4 5 6 |  6.7
Slings         | 1 2 3 4 5 6 |  6.7
Bows           | 1 2 3 4 5 6 |  6.7
Crossbows      | 1 2 3 4 5 6 |  6.7
Throwing       | 1 2 3 4 5 6 |  6.7
Armour         | 1 2 3 4 5 6 |  6.7
Shields        | 1 2 3 4 5 6 |  6.7
Unarmed Combat | 1 2 3 4 5 6 |  6.7
Evocations     | 1 2 3 4 5 6 |  6.7
Conjurations   | 1 2 3 4 5 |  5.5
Hexes          | 1 2 3 4 5 |  5.5
Charms         | 1 2 3 4 5 |  5.5
Summonings     | 1 2 3 4 5 |  5.5
Necromancy     | 1 2 3 4 5 |  5.5
Translocations | 1 2 3 4 5 |  5.5
Transmutations | 1 2 3 4 5 |  5.5
Fire Magic     | 1 2 3 4 5 |  5.5
Air Magic      | 1 2 3 4 5 |  5.5
Earth Magic    | 1 2 3 4 5 |  5.5
Poison Magic   | 1 2 3 4 5 |  5.5
Dodging        | 5 6 7 8 |  8.2
Stealth        | 5 6 7 8 |  8.0
Ice Magic      | 8 9 |  9.1

Action                   |  1- 3 |  4- 6 |  7- 9 | 10-12 || total
-------------------------+-------+-------+-------+-------++-------
Melee: Unarmed           |     8 |     5 |       |       ||    13
       Bite              |     2 |     3 |    22 |    28 ||    55
       War axe           |       |    64 |   219 |   289 ||   572
       Punch             |       |     1 |     3 |     5 ||     9
Throw: Dart              |       |       |     2 |     2 ||     4
       Javelin           |       |       |       |     3 ||     3
 Cast: Freeze            |    25 |    16 |       |     3 ||    44
       Frozen Ramparts   |     2 |     8 |    35 |    31 ||    76
       Ozocubu's Armour  |       |     1 |     8 |    10 ||    19
       Summon Ice Beast  |       |       |     1 |    11 ||    12
       Hailstorm         |       |       |       |     3 ||     3
Invok: Heroism           |       |       |       |     3 ||     3
Evoke: Wand              |       |       |       |     2 ||     2
  Use: Scroll            |       |       |     3 |     3 ||     6
 Stab: Sleeping          |       |     4 |     9 |     8 ||    21
       Invisible         |       |       |     1 |       ||     1
       Distracted        |       |       |     3 |     1 ||     4
  Eat: Chunk             |     1 |     6 |    20 |    16 ||    43
       Ration            |       |       |       |     2 ||     2
Armor: Robe              |     1 |    15 |    59 |    65 ||   140
       Leather armour    |       |       |       |     9 ||     9
Dodge: Dodged            |    18 |    65 |   195 |   293 ||   571

Table legend:
 A = Non-vault XP
 B = Vault XP
 C = Vault XP percentage of total XP
 D = Non-vault monster count
 E = Vault monster count
 F = Vault count percentage of total count
                 A         B        C        D         E       F
            +---------+---------+-------+---------+---------+-------
      Total |   13454 |    4887 |  26.6 |     261 |      42 |  13.9
            +---------+---------+-------+---------+---------+-------
        D:1 |      26 |       0 |   0.0 |      17 |       0 |   0.0
        D:2 |      49 |     301 |  86.0 |      16 |      15 |  48.4
        D:3 |     241 |      42 |  14.8 |      37 |       1 |   2.6
        D:4 |     276 |       0 |   0.0 |      16 |       0 |   0.0
        D:5 |     394 |       0 |   0.0 |      12 |       0 |   0.0
        D:6 |     407 |       0 |   0.0 |      15 |       0 |   0.0
        D:7 |    1020 |      15 |   1.4 |      22 |       2 |   8.3
        D:8 |    1369 |     981 |  41.7 |      28 |       5 |  15.2
        D:9 |    1282 |    3360 |  72.4 |      26 |       8 |  23.5
       D:10 |    4893 |       0 |   0.0 |      42 |       0 |   0.0
       D:11 |    3451 |       0 |   0.0 |      29 |       0 |   0.0
       D:12 |      46 |     188 |  80.3 |       1 |      11 |  91.7
            +---------+---------+-------+---------+---------+-------
